 Dungeon Crawl Stone Soup version 0.29-a0-664-gff9cad4a3d (webtiles) character file.

Game seed: 9952852083278145081

2 sammy202020 the Skirmisher (level 1, 0/18 HPs)
             Began as a Demonspawn Berserker on June 22, 2022.
             Was a Follower of Trog.
             Succumbed to a kobold's poison
             ... on level 1 of the Dungeon.
             The game lasted 00:00:19 (46 turns).

sammy202020 the Skirmisher (Demonspawn Berserker)     Turns: 46, Time: 00:00:19

Health: 0/18       AC:  2    Str: 17    XL:     1   Next: 25%
Magic:  1/1        EV: 12    Int:  8    God:    Trog [*.....]
Gold:   3          SH:  0    Dex: 12    Spells: 0/0 levels left

rFire   . . .      SeeInvis .   a - +0 hand axe
rCold   . . .      Faith    .   (no shield)
rNeg    . . .      Spirit   .   b - +0 animal skin
rPois   .          Reflect  .   (no helmet)
rElec   .          Harm     .   (no cloak)
rCorr   .          Rampage  .   (no gloves)
Will    .....                   (no boots)
Stlth   +.........              (no amulet)
HPRegen 0.06/turn               (no ring)
MPRegen 0.07/turn               (no ring)

@: lethally poisoned (0 -> -3)
A: no striking features
a: Renounce Religion, Berserk


You were on level 1 of the Dungeon.
You worshipped Trog.
Trog was aware of your devotion.
You visited 1 branch of the dungeon, and saw 1 of its levels.

You collected 3 gold pieces.

Inventory:

Hand Weapons
 a - a +0 hand axe (weapon)
Armour
 b - a +0 animal skin (worn)


   Skills:
 * Level 3.0 Fighting
 * Level 2.7 Axes
 + Level 1.8 Armour
 + Level 1.8 Dodging


You couldn't memorise any spells.
You didn't know any spells.
Your spell library was empty.

Dungeon Overview and Level Annotations

Branches:
Dungeon (1/15)

Altars:


Message History

Trog accepts your kill.
You feel very sick.
You are too injured to fight recklessly!
You are too injured to fight recklessly!
You are too injured to fight recklessly!
You are too injured to fight recklessly!
You are too injured to fight recklessly!
You are too injured to fight recklessly!
You are too injured to fight recklessly!
You are too injured to fight recklessly!
You are too injured to fight recklessly!
You are too injured to fight recklessly!
You are too injured to fight recklessly!
You are too injured to fight recklessly!
You are too injured to fight recklessly!
You are too injured to fight recklessly!
You are too injured to fight recklessly!
There is a lethal amount of poison in your body!
There is a lethal amount of poison in your body!
Unknown command.
You aren't carrying any potions.
Okay, then.
You hit the rat but do no damage.
You feel very sick. The rat closely misses you.
You hit the rat but do no damage.
* * * LOW HITPOINT WARNING * * *
You feel sick. The rat bites you but does no damage.
You hit the rat.
The rat is heavily wounded.
* * * LOW HITPOINT WARNING * * *
You feel sick. The rat bites you but does no damage. The rat barely misses you.
You closely miss the rat.
The rat is heavily wounded.
* * * LOW HITPOINT WARNING * * *
You feel sick. The rat bites you but does no damage.
You hit the rat.
You kill the rat!
Trog accepts your kill.
You die...

#........#...#........#
#........'8.8+........#
###########'###########
##.# #..# #.##
########.# #.......)#
#......@## #......)#
......... ..........
..........# .#.##......
#. #.....## # #.....#


There were no monsters in sight!

Vanquished Creatures
  2 kobolds (D:1)
  A rat (D:1)
3 creatures vanquished.

Notes
Turn   | Place    | Note
-------+----------+-------------------------------------------
     0 | D:1      | sammy202020 the Demonspawn Berserker began the quest for
                  | the Orb.
     0 | D:1      | Reached XP level 1. HP: 18/18 MP: 1/1
    46 | D:1      | Succumbed to a kobold's poison

Illustrated notes

Levels and vault maps discovered:
D:1:      giann_wishing_wells, layout_basic, shapermc_ecumenical_altar_gd

Action                   || total
-------------------------++-------
Melee: Hand axe          ||     7
Armor: Animal skin       ||     3
Dodge: Dodged            ||     3

Table legend: (Time is in decaauts)
 A = Elapsed time spent in this place.
 B = Non-inter-level travel time spent in this place.
 C = Inter-level travel time spent in this place.
 D = Time resting spent in this place.
 E = Time spent auto-exploring this place.
 F = Levels seen in this place.
 G = Mean time per level.
                   A        B        C        D        E       F      G
               +--------+--------+--------+--------+--------+-----+--------+
         Total |     47 |     47 |      0 |      0 |     31 |   1 |   47.0 |
       Dungeon |     47 |     47 |      0 |      0 |     31 |   1 |   47.0 |
               +--------+--------+--------+--------+--------+-----+--------+

Top non-repeatable levels by time:
     D:1: 47 daAuts
